 Dungeon Crawl Stone Soup version 0.32-a0-779-g362cfcae2a (webtiles) character file.

Game seed: 7224473040554535471

25 Xavori the Trooper (level 3, 30/30 HPs)
             Began as a Djinni Chaos Knight on Mar 19, 2024.
             Was a Plaything of Xom.
             Quit the game on level 1 of the Dungeon.
             The game lasted 00:01:00 (9324 turns).

Xavori the Trooper (Djinni Chaos Knight)            Turns: 9324, Time: 00:01:01

Health: 30/30      AC:  9    Str: 12 (14) XL:     3   Next: 20%
Gold:   37         EV: 11    Int: 11      God:    Xom [*.....] SH:  0 Dex: 16 (17)

rFire   + + .        a - +0 falchion (chaos)
rCold   x . .        (no shield)
rNeg    . . .        b - +2 leather armour
rPois   ∞            (no helmet)
rElec   .            (no cloak)
rCorr   .            (no gloves)
SInv    .            (boots unavailable)
Will    +....        (no amulet)
Stlth   +            f - ring of willpower
HPRegen 0.25/turn    (no ring)
MPRegen 0.00/turn

%: no passive effects
@: flying
A: sickness immunity, fire resistance 2, cold vulnerability 1, float, innate
caster, HP casting, extra vitality 1, iridescent scales 2, agile 1, strong 1
a: Renounce Religion


You were on level 1 of the Dungeon.
You worshipped Xom.
You were a special plaything of Xom.
You visited 1 branch of the dungeon, and saw 2 of its levels.

You collected 37 gold pieces.

Inventory:

Hand Weapons
 a - a +0 falchion of chaos (weapon)
Armour
 b - a +2 leather armour (worn)
Jewellery
 f - a ring of willpower (left hand)
Scrolls
 c - a scroll of butterflies
 g - 2 scrolls of enchant armour {unknown}
 i - 2 scrolls of identify {unknown}
 j - a scroll of blinking {unknown}
Potions
 d - a potion of heal wounds {unknown}
 e - a potion of curing {unknown}
 h - a potion of cancellation {unknown}
 k - a potion of might {unknown}


   Skills:
 + Level 3.1 Fighting
 + Level 2.8 Long Blades
 + Level 1.3 Armour
 + Level 2.4 Dodging
 * Level 1.0 Spellcasting
 * Level 1.0 Conjurations
 * Level 1.0 Hexes
   Level 0.0 Charms
 * Level 1.0 Summonings
 * Level 1.0 Necromancy
 * Level 1.0 Translocations
   Level 0.0 Transmutations
 * Level 1.0 Fire Magic
 * Level 1.0 Ice Magic
 * Level 1.0 Air Magic
 * Level 1.0 Earth Magic
 * Level 1.0 Alchemy


You knew the following spells:

 Your Spells              Type           Power      Damage    Failure   Level
a - Foxfire               Conj/Fire      8%         2x1d4     26%         1
Your spell library was empty.

Dungeon Overview and Level Annotations

Branches:
Dungeon (2/15)

Altars:


Innate Abilities, Weirdness & Mutations

You are immune to sickness and miasma.
You are immune to poison.
Your flesh is very heat resistant. (rF++)
You are vulnerable to cold. (rC-)
You float through the air rather than walking.
You learn spells naturally, not from books.
Your magical power is your life essence.
You have superior vitality. (+4 MHP)
You are mostly covered in iridescent scales. (AC +4)
You are agile. (Dex +4, Str/Int -1)
Your muscles are strong. (Str +4, Int/Dex -1)


Message History

HP restored.
You start waiting.
Done waiting.
You start waiting.
Done waiting.
You start waiting.
Done waiting.
You start waiting.
You start waiting.
Done waiting.
You start waiting. "Let me alter your body."
Your body is suffused with distortional energy.
Your thoughts seem clearer.
You feel agile.
You feel stronger.
You start waiting.
You start waiting.
You hear Xom's avuncular chuckle.
Your body is suffused with distortional energy.
Iridescent scales grow over part of your body.
Iridescent scales spread over more of your body.
Your thinking seems confused.
You start waiting.
Xom adds some personal touches to your environment.
A door slams shut!
You start waiting.
You start waiting.
You start waiting.
Done waiting.
You start waiting.
You start waiting.
You start waiting.
Done waiting.
You start waiting.
You start waiting. "Let's see if it's strong enough to survive yet."
There are monsters nearby!
There are monsters nearby!
There are monsters nearby!
There are monsters nearby!
Are you sure you want to abandon this character and quit the game? (Confirm with "yes".)

####.##..#.####....##.#....#
##.....#.#..#.......#.##.#
###..[...#.#..#.......#.##.#
..............#.....#.####.#
#####'#######.......#......#
#.# #...#..#########
#####.##### #..4#.........#
#...'.'...# #...#...#####.#
#.###.###.# #...@########.#
#.# #.# #.# #.#...........#
#'###.###'###.##5##########
........†...'.##.#
#'###.###'###....# #.# #.#
#.# #.#..# #.###.###.#
#.##.# #...'.'...# #.##+###
#####.##### #......#


You could see a chaos spawn (summoned) and a crimson imp (summoned).

Vanquished Creatures
  2 dart slugs (D:1)
  2 endoplasms (D:1)
  2 giant cockroaches (D:1)
  3 goblins
  A hobgoblin (D:1)
  2 ball pythons (D:1)
  A bat (D:1)
  3 frilled lizards (D:1)
  4 kobolds (D:1)
20 creatures vanquished.

Notes
Turn   | Place    | Note
-------+----------+-------------------------------------------
     0 | D:1      | Xavori the Djinni Chaos Knight began the quest for the Orb.
     0 | D:1      | Reached XP level 1. HP: 20/20 MP: 0/0
    82 | D:1      | Found a faded altar of an unknown god.
   189 | D:1      | Reached XP level 2. HP: 25/25 MP: 0/0
   513 | D:1      | Reached XP level 3. HP: 30/30 MP: 0/0
   513 | D:1      | Learned a level 1 spell: Foxfire
   526 | D:1      | Reached skill level 1 in Spellcasting
   526 | D:1      | Reached skill level 1 in Conjurations
   526 | D:1      | Reached skill level 1 in Hexes
   526 | D:1      | Reached skill level 1 in Summonings
   526 | D:1      | Reached skill level 1 in Necromancy
   526 | D:1      | Reached skill level 1 in Translocations
   526 | D:1      | Reached skill level 1 in Fire Magic
   526 | D:1      | Reached skill level 1 in Ice Magic
   526 | D:1      | Reached skill level 1 in Air Magic
   526 | D:1      | Reached skill level 1 in Earth Magic
   526 | D:1      | Reached skill level 1 in Alchemy
  1521 | D:1      | XOM: noise
  2454 | D:1      | XOM: scenery: 1 doors close
  2640 | D:1      | XOM: summons 2 hostile demons
  3378 | D:1      | XOM is BORED!
  3378 | D:1      | XOM: stat loss: -2 Str (9/11)
  3807 | D:1      | XOM: divination: magic mapping
  4434 | D:1      | XOM: summons 2 hostile shadow creatures
  4875 | D:1      | XOM is BORED!
  5454 | D:1      | XOM: stat loss: -1 Dex (13/14)
  5853 | D:1      | XOM: summons 3 hostile shadow creatures
  6592 | D:1      | XOM: scenery: 1 doors open
  6727 | D:1      | XOM is BORED!
  6727 | D:1      | XOM: summons 2 hostile demons
  7448 | D:1      | XOM: summons 2 hostile demons
  7801 | D:1      | XOM: summons 2 hostile shadow creatures
  8395 | D:1      | XOM: give mutations
  8395 | D:1      | Gained mutation: You possess an exceptional clarity of
                  | mind. [Xom's mischief]
  8395 | D:1      | Gained mutation: You are agile. (Dex +4, Str/Int -1) [Xom's
                  | mischief]
  8395 | D:1      | Gained mutation: Your muscles are strong. (Str +4, Int/Dex
                  | -1) [Xom's mischief]
  8559 | D:1      | XOM: give mutations
  8559 | D:1      | Gained mutation: You are partially covered in iridescent
                  | scales. (AC +2) [Xom's mischief]
  8559 | D:1      | Gained mutation: You are mostly covered in iridescent
                  | scales. (AC +4) [Xom's mischief]
  8559 | D:1      | Lost mutation: You possess an exceptional clarity of mind.
                  | [Xom's mischief]
  8639 | D:1      | XOM: scenery: 1 doors close
  9323 | D:1      | XOM: summons 2 hostile demons
  9324 | D:1      | Noticed a chaos spawn
  9324 | D:1      | Quit the game

Illustrated notes

Levels and vault maps discovered:
D:1:      scummos_arrival_forest, layout_basic,
          hellmonk_ecumenical_altar_zigzags, minmay_door_square
D:2:      layout_basic, basic_altar, feat_on_display, uniq_crazy_yiuf_cottage

Skill      XL: |  1  2  3 |
---------------+----------+-----
Spellcasting   | 1 |  1.0
Conjurations   | 1 |  1.0
Hexes          | 1 |  1.0
Summonings     | 1 |  1.0
Necromancy     | 1 |  1.0
Translocations | 1 |  1.0
Fire Magic     | 1 |  1.0
Ice Magic      | 1 |  1.0
Air Magic      | 1 |  1.0
Earth Magic    | 1 |  1.0
Alchemy        | 1 |  1.0
Fighting       | |  3.1
Long Blades    | |  2.8
Armour         | |  1.3
Dodging        | |  2.4

Action                     || total
---------------------------++-------
  Melee: Falchion          ||    50
 Armour: Leather armour    ||    30
  Dodge: Dodged            ||    31

Table legend: (Time is in decaauts)
 A = Elapsed time spent in this place.
 B = Non-inter-level travel time spent in this place.
 C = Inter-level travel time spent in this place.
 D = Time resting spent in this place.
 E = Time spent auto-exploring this place.
 F = Levels seen in this place.
 G = Mean time per level.
                   A        B        C        D        E       F      G
               +--------+--------+--------+--------+--------+-----+--------+
         Total |   9339 |   9313 |     26 |   8581 |    563 |   2 | 4669.5 |
       Dungeon |   9339 |   9313 |     26 |   8581 |    563 |   2 | 4669.5 |
               +--------+--------+--------+--------+--------+-----+--------+

Top non-repeatable levels by time:
     D:1: 8166 daAuts
     D:2: 1172 daAuts
